 Dungeon Crawl Stone Soup version 0.19.5 (webtiles) character file.

23 Monsterrace the Firebug (level 2, -7/15 HPs)
             Began as a Deep Elf Fire Elementalist on Apr 9, 2017.
             Mangled by a worm (11 damage)
             ... on level 1 of the Dungeon.
             The game lasted 00:07:04 (1378 turns).

Monsterrace the Firebug (DEFE)                      Turns: 1378, Time: 00:07:04

Health: -7/15      AC:  4    Str:  5    XL:     2   Next: 75%
Magic:  1/8        EV: 13    Int: 19    God:
Gold:   31         SH:  0    Dex: 15    Spells: 2 memorised, 4 levels left

rFire  . . .     SeeInvis .     e - +0 dagger
rCold  . . .     Gourm    .     a - +0 robe
rNeg   . . .     Faith    .     (no shield)
rPois  .         Spirit   .     (no helmet)
rElec  .         Reflect  .     f - +0 cloak
rCorr  .         Harm     .     i - +0 pair of gloves
MR     +....                    (no boots)
Stlth  ++........               (no amulet)
                                (no ring)
                                j - ring of protection from magic

@: very slightly contaminated
A: no striking features
a: no special abilities


You were on level 1 of the Dungeon.
You were very hungry.

You visited 1 branch of the dungeon, and saw 2 of its levels.

You collected 31 gold pieces.

Inventory:

Hand Weapons
 e - a +0 dagger (weapon)
Armour
 a - a +0 robe (worn)
 f - a +0 cloak (worn)
 i - a +0 pair of gloves (worn)
 k - a +0 leather armour
Jewellery
 j - a ring of protection from magic (left hand)
Scrolls
 d - a scroll of identify
 g - a scroll of fear {unknown}
 h - a scroll of noise {unknown}
Books
 b - a book of Flames

   Spells                             Type                      Level
   a - Flame Tongue                   Conjuration/Fire             1
   b - Throw Flame                    Conjuration/Fire             2
   c - Conjure Flame                  Conjuration/Fire             3
   d - Inner Flame                    Hexes/Fire                   3
   e - Sticky Flame                   Conjuration/Fire             4
   f - Fireball                       Conjuration/Fire             5
Comestibles
 c - a bread ration


   Skills:
 - Level 2.4 Dodging
 - Level 2.4 Stealth
 + Level 3.3 Spellcasting
 * Level 2.1 Conjurations
 * Level 3.8 Fire Magic


You had 4 spell levels left.
You knew the following spells:

 Your Spells              Type           Power        Failure   Level  Hunger
a - Flame Tongue          Conj/Fire      ##...        6%          1    None
b - Throw Flame           Conj/Fire      ##....       10%         2    ##.....


Dungeon Overview and Level Annotations

Branches:
Dungeon (2/15)

Altars:


Message History

The worm is heavily wounded.
The rat barely misses you. The worm bites you.
* * * LOW HITPOINT WARNING * * *
Casting: Flame Tongue
Confirm with . or Enter, or press ? or * to list all spells.
Aiming: Flame Tongue
Press: ? - help, Shift-Dir - straight line The flame tongue hits the worm.
The worm is severely wounded.
The rat barely misses you.
Casting: Flame Tongue
Confirm with . or Enter, or press ? or * to list all spells.
Aiming: Flame Tongue
Press: ? - help, Shift-Dir - straight line, f - rat
Aim: a rat The flame tongue hits the rat.
You kill the rat!
The worm bites you!
Ouch! That really hurt!
You die...

#####..'..................#
#####..#..........#.......#
....#..#..................#
.......#..................#
.......#..................#
.......#.####....###....###
...........##.#.........#
.#.........##.#.........#
.#.........##...@.....###########
...........##...w................
#.....................##########.
.........#........##.....# #.
......####........##.....# #.
......####...............# #.
#........................# #.
##..#)#..................#######.
.#..+............................


You could see a worm.

Vanquished Creatures
  An ooze (D:1)
  A ball python (D:1)
  A giant cockroach (D:1)
  A goblin (D:1)
  3 hobgoblins (D:1)
  2 jackals (D:1)
  3 bats (D:1)
  2 frilled lizards (D:1)
  3 kobolds (D:1)
  3 rats (D:1)
20 creatures vanquished.

Notes
Turn   | Place    | Note
-------+----------+-------------------------------------------
     0 | D:1      | Monsterrace the Deep Elf Fire Elementalist began the quest for the Orb.
     0 | D:1      | Reached XP level 1. HP: 10/10 MP: 6/6
   333 | D:1      | Reached XP level 2. HP: 15/15 MP: 5/8
   869 | D:1      | Learned a level 2 spell: Throw Flame
  1378 | D:1      | Mangled by a worm

Skill      XL: |  1  2 |
---------------+-------+-----
Conjurations   | 2 |  2.1
Dodging        | |  2.4
Stealth        | |  2.4
Spellcasting   | |  3.3
Fire Magic     | |  3.8

Action                   || total
-------------------------++-------
Melee: Unarmed           ||     4
       Dagger            ||     3
 Cast: Flame Tongue      ||    38
       Throw Flame       ||     5
  Use: Scroll            ||     1
Armor: Robe              ||     8
Dodge: Dodged            ||    31
